 Dungeon Crawl Stone Soup version 0.29.1-13-g9f3cf754e1 (webtiles) character file.

Game seed: 512018228641418274

180 javelincjr the Magician (level 5, -3/35 HPs)
             Began as a Djinni Conjurer on Feb 11, 2023.
             Slain by BallerZ's ghost (13 damage)
             ... on level 3 of the Dungeon.
             The game lasted 00:07:58 (1514 turns).

javelincjr the Magician (Djinni Conjurer)           Turns: 1514, Time: 00:07:59

Health: -3/35      AC:  7    Str:  8    XL:     5   Next: 91%
Gold:   135        EV: 11    Int: 20    God:
                   SH:  0    Dex: 11

rFire   + . .      SeeInvis .   f - +0 short sword
rCold   . . .      Faith    .   (no shield)
rNeg    . . .      Spirit   .   w - +3 leather armour
rPois   ∞          Reflect  .   p - +1 hat
rElec   .          Harm     .   (no cloak)
rCorr   .          Rampage  .   (no gloves)
Will    .....                   (boots unavailable)
Stlth   ++........              e - amulet of regeneration
HPRegen 0.91/turn               b - ring of wizardry
MPRegen 0.00/turn               j - ring of ice

@: flying
A: sickness immunity, fire resistance 2, cold vulnerability 1, float, innate
caster, HP casting, extra vitality 1
a: no special abilities


You were on level 3 of the Dungeon.
You visited 1 branch of the dungeon, and saw 3 of its levels.

You collected 135 gold pieces.

Inventory:

Hand Weapons
 f - a +0 short sword (weapon)
Missiles
 c - 7 poisoned darts
Armour
 a - a +0 robe
 p - a +1 hat (worn)
 w - a +3 leather armour (worn)
 x - the +1 scale mail of the Maze {rElec Int+3}
   (You found it on level 3 of the Dungeon)

   Int:       It affects your intelligence (+3).
   rElec:     It insulates you from electricity.
Magical Staves
 n - a staff of death
Jewellery
 b - a ring of wizardry (left hand)
 e - an amulet of regeneration (around neck)
 j - a ring of ice (right hand)
 k - a ring of protection from cold
 q - a ring of see invisible
Scrolls
 g - a scroll of amnesia {unknown}
 h - a scroll of teleportation {unknown}
 l - a scroll of immolation {unknown}
 m - 3 scrolls of enchant armour {unknown}
 o - 2 scrolls of fear {unknown}
 r - a scroll of enchant weapon {unknown}
 s - a scroll of poison {unknown}
 u - a scroll of magic mapping {unknown}
Potions
 d - a potion of haste {unknown}
 i - 2 potions of lignification {unknown}
 t - a potion of resistance {unknown}
 v - 2 potions of degeneration {unknown}


   Skills:
 + Level 2.5 Dodging
 + Level 2.0 Stealth
 + Level 5.0 Spellcasting


You couldn't memorise any spells.
You knew the following spells:

 Your Spells              Type           Power      Damage    Failure   Level
a - Magic Dart            Conj           100%       1d8       1%          1
b - Searing Ray           Conj           50%        2d6       1%          2
c - Dazzling Flash        Conj/Hex       50%        N/A       2%          3
d - Fulminant Prism       Conj/Hex       12%        3d9       9%          4
e - Iskenderun's Mystic   Conj/Tloc      25%        2d7       9%          4
f - Slow                  Hex            100%       N/A       1%          1
g - Call Imp              Summ           25%        N/A       1%          2
Your spell library was empty.

Dungeon Overview and Level Annotations

Branches:
Dungeon (3/15)

Altars:

Annotations:
D:3 BallerZ's ghost, weakling MeAK


Innate Abilities, Weirdness & Mutations

You are immune to sickness and miasma.
You are immune to poison.
Your flesh is very heat resistant. (rF++)
You are vulnerable to cold. (rC-)
You float through the air rather than walking.
You learn spells naturally, not from books.
Your magical power is your life essence.
You have superior vitality. (+4 MHP)


Message History

You reach down and open the door.
Casting: Searing Ray (safe; 1% risk of failure)
Confirm with . or Enter, or press ? or * to list all spells.
Aiming: Searing Ray (safe; 1% risk of failure)
Press: ? - help, Shift-Dir - straight line, f - BallerZ's ghost
Aim: BallerZ's ghost (77% to hit)
The searing ray hits BallerZ's ghost.
BallerZ's ghost is lightly damaged. (Press . to maintain the ray.) BallerZ's ghost hits you.
The searing ray hits BallerZ's ghost.
BallerZ's ghost is lightly damaged.
BallerZ's ghost hits you!
The searing ray misses BallerZ's ghost.
BallerZ's ghost misses you.
The searing ray misses BallerZ's ghost.
You finish channelling your searing ray.
BallerZ's ghost hits you.
Casting: Searing Ray (safe; 1% risk of failure)
Confirm with . or Enter, or press ? or * to list all spells.
Aiming: Searing Ray (safe; 1% risk of failure)
Press: ? - help, Shift-Dir - straight line, f/p - BallerZ's ghost
Aim: BallerZ's ghost (lightly damaged, 77% to hit)
The searing ray hits BallerZ's ghost!
BallerZ's ghost is heavily damaged. (Press . to maintain the ray.) BallerZ's ghost closely misses you.
The searing ray hits BallerZ's ghost!
BallerZ's ghost is severely damaged.
BallerZ's ghost completely misses you.
The searing ray hits BallerZ's ghost.
BallerZ's ghost is severely damaged.
BallerZ's ghost hits you!
* * * LOW HITPOINT WARNING * * *
Unknown command.
The searing ray hits BallerZ's ghost.
BallerZ's ghost is almost destroyed.
* * * LOW HITPOINT WARNING * * *
You finish channelling your searing ray.
BallerZ's ghost hits you!
You die...

#.....# #.#.###.....
+.....# ####... ##.###.
#.....# #......##..# #.
.....# #..........## #.
###...##...###...### #.
#.....#...##⌠##...## #.
#........##...##...# ##
#.......##..?..##..#####
###....@W...♣..⌠#†.....+
#.....##..!..##...####
###....##...##...##
#..#...##⌠##...##
#>###...###....# #.
##.........# #.
##.....+#.# #.
#.##.#.#.# #.##.#.#.#


You could see BallerZ's ghost.

Vanquished Creatures
  An orc priest (D:3)
  An iguana (D:3)
  An orc wizard (D:3)
  A gnoll (D:1)
  5 adders
  A worm (D:2)
  3 orcs (D:3)
  A bat (D:2)
  9 endoplasms
  A giant cockroach (D:2)
  A goblin (D:3)
  5 hobgoblins
  2 quokkas
  3 ball pythons
  2 frilled lizards (D:1)
  3 kobolds (D:2)
  4 rats
44 creatures vanquished.

Notes
Turn   | Place    | Note
-------+----------+-------------------------------------------
     0 | D:1      | javelincjr the Djinni Conjurer began the quest for the Orb.
     0 | D:1      | javelincjr set off with the following spells memorised:
                  | Magic Dart, Searing Ray, Dazzling Flash, Fulminant Prism,
                  | Iskenderun's Mystic Blast.
     0 | D:1      | Reached XP level 1. HP: 15/15 MP: 0/0
   227 | D:1      | Reached XP level 2. HP: 16/21 MP: 0/0
   273 | D:1      | Found a faded altar of an unknown god.
   510 | D:1      | Reached XP level 3. HP: 23/25 MP: 0/0
   510 | D:1      | Learned a level 1 spell: Slow
   759 | D:2      | Reached skill level 4 in Spellcasting
   959 | D:2      | Reached XP level 4. HP: 29/31 MP: 0/0
  1323 | D:3      | Reached XP level 5. HP: 17/35 MP: 0/0
  1323 | D:3      | Learned a level 2 spell: Call Imp
  1351 | D:3      | Reached skill level 5 in Spellcasting
  1468 | D:3      | Noticed BallerZ's ghost (weakling MeAK)
  1483 | D:3      | Found a runed translucent door.
  1500 | D:3      | Identified the +1 scale mail of the Maze {rElec Int+3}
  1514 | D:3      | Slain by BallerZ's ghost

Illustrated notes

Levels and vault maps discovered:
D:1:      heliophobic_arrival_dark_side_of_the_moon, layout_basic,
          shapermc_ecumenical_altar_rom_forum, minmay_tetromino_o4
D:2:      layout_rooms
D:3:      cheibrodos_helix_gallery, layout_basic, cheibriados_altar_1,
          hellmonk_ghost_happy_afterlife, serial_bayou_pond_e

Skill      XL: |  1  2  3  4  5 |
---------------+----------------+-----
Spellcasting   | 4 5 |  5.0
Stealth        | 2 |  2.0
Dodging        | |  2.5

Action                   |  1- 3 |  4- 6 || total
-------------------------+-------+-------++-------
Melee: Short sword       |     1 |     5 ||     6
       Punch             |       |     1 ||     1
 Cast: Magic Dart        |    75 |    27 ||   102
       Searing Ray       |     2 |    10 ||    12
Armor: Robe              |       |     4 ||     4
       Leather armour    |       |     3 ||     3
Dodge: Dodged            |     3 |     8 ||    11
